 Dungeon Crawl Stone Soup version 0.26-a0-712-ga5a9c9c9d0 (webtiles) character file.

Game seed: 18000663703062340947

147 Azzok the Chopper (level 5, 9/41 HPs)
             Began as a Demonspawn Berserker on Nov 5, 2020.
             Was a Believer of Trog.
             Quit the game on level 2 of the Dungeon.
             The game lasted 00:01:25 (1482 turns).

Azzok the Chopper (Demonspawn Berserker)            Turns: 1482, Time: 00:01:26

Health: 9/41       AC:  8    Str: 18    XL:     5   Next: 7%
Magic:  1/5        EV:  9    Int:  8    God:    Trog [**....]
Gold:   60         SH:  0    Dex: 13    Spells: 4/4 levels left

rFire    . . .     SeeInvis .   a - +0 hand axe
rCold    . . .     Faith    .   (no shield)
rNeg     . . .     Spirit   +   g - +0 chain mail
rPois    .         Reflect  .   (no helmet)
rElec    .         Harm     .   (no cloak)
rCorr    .         Rampage  .   (no gloves)
MR       .....                  (no boots)
Stlth    ..........             (no amulet)
HPRegen  0.13/turn              (no ring)
MPRegen  0.18/turn              (no ring)

@: no status effects
A: repulsion field 1, demonic guardian 1, magic shield, magic regeneration
a: Berserk, Trog's Hand, Renounce Religion


You were on level 2 of the Dungeon.
You worshipped Trog.
Trog was pleased with you.
You visited 1 branch of the dungeon, and saw 2 of its levels.

You collected 60 gold pieces.

Inventory:

Hand Weapons
 a - a +0 hand axe (weapon)
Armour
 g - a +0 chain mail (worn)
Scrolls
 b - a scroll of enchant armour {unknown}
 d - a scroll of teleportation {unknown}
 e - 2 scrolls of magic mapping {unknown}
 h - a scroll of blinking {unknown}
 i - 2 scrolls of amnesia {unknown}
 j - a scroll of remove curse {unknown}
Potions
 c - 2 potions of ambrosia {unknown}
 f - a potion of lignification {unknown}


   Skills:
 - Level 3.0 Fighting
 + Level 5.3 Axes
 - Level 1.7 Armour
 - Level 1.7 Dodging


You had 4 spell levels left.
You didn't know any spells.
Your spell library was empty.

Dungeon Overview and Level Annotations

Branches:
Dungeon (2/15)

Altars:
Fedhas
Nemelex Xobeh


Innate Abilities, Weirdness & Mutations

You are surrounded by a mild repulsion field. (EV +2)
A weak demonic guardian rushes to your aid.
When hurt, damage is shared between your health and your magic reserves.
You regenerate magic rapidly.


Message History

You closely miss the ice beast.
The ice beast is severely wounded.
The jackal barks!
You hear a bark!
The ice beast hits you but does no damage.
You barely miss the ice beast.
The ice beast is severely wounded.
The ice beast closely misses you.
You slash the ice beast!
You kill the ice beast!
Trog accepts your kill.
Your Axes skill increases to level 5!
You have reached level 4!
You feel agile.
Your demonic ancestry asserts itself...
You feel the presence of a demonic guardian.
You have reached level 5!
Your demonic ancestry asserts itself...
You feel your magic shroud grow more resilient.
Quiver which item? (- for none, * to show all) (? for menu, Esc to quit)
Okay, then.
Are you sure you want to abandon this character and quit the game? (Confirm with "yes".)

··▒▒·······╬··[>·≈≈P≈♣
·▒▒··▒·▒···▒▒······≈♣≈♣≈
▒▒···▒·▒ ··▒▒····P≈≈♣≈≈≈
▒▒'▒·▒·▒ ·▒▒≈≈≈P≈≈♣≈≈·P
···▒·▒·▒ ▒▒··P≈≈≈♣PPPP
▒▒▒▒·▒·▒ ▒≈·≈≈♣≈≈≈≈P▒
·······▒▒ ▒P≈≈≈P≈≈≈▒▒▒
·▒······▒ ▒·≈≈·≈≈·▒▒▒▒▒▒
·▒▒·P·P·▒ ▒P≈P≈·@··h····
·····_··▒▒▒▒▒▒▒▒·▒▒▒▒▒▒▒
▒▒▒·P·P··········▒
▒·····▒▒▒▒▒▒▒▒▒▒ ▒▒▒·(▒▒
▒·▒▒ ▒·▒ ▒·▒ ▒·▒


You could see a jackal.

Vanquished Creatures
  An ice beast (D:2)
  An adder (D:2)
  An ooze (D:2)
  A worm (D:2)
  A dart slug (D:2)
  A leopard gecko (D:1)
  2 ball pythons (D:1)
  2 giant cockroaches
  4 goblins
  5 hobgoblins (D:1)
  4 jackals (D:2)
  3 bats (D:1)
  A frilled lizard (D:1)
  3 kobolds (D:1)
  4 rats
34 creatures vanquished.

Vanquished Creatures (others)
  31 plants (D:2)
31 creatures vanquished.

Grand Total: 65 creatures vanquished

Notes
Turn   | Place    | Note
-------+----------+-------------------------------------------
     0 | D:1      | Azzok the Demonspawn Berserker began the quest for the Orb.
     0 | D:1      | Reached XP level 1. HP: 18/18 MP: 1/1
    68 | D:1      | Reached skill level 3 in Axes
   359 | D:1      | Gained mutation: When hurt, damage is shared between your
                  | health and your magic reserves. [demonic ancestry]
   359 | D:1      | Reached XP level 2. HP: 24/24 MP: 2/2
   442 | D:1      | Found a sparkling altar of Nemelex Xobeh.
  1007 | D:2      | Gained mutation: You are surrounded by a mild repulsion
                  | field. (EV +2) [demonic ancestry]
  1007 | D:2      | Reached XP level 3. HP: 12/29 MP: 1/3
  1191 | D:2      | Found a blossoming altar of Fedhas.
  1329 | D:2      | Reached ** piety under Trog
  1329 | D:2      | Reached skill level 4 in Axes
  1448 | D:2      | Noticed an ice beast
  1481 | D:2      | Killed an ice beast
  1481 | D:2      | Reached skill level 5 in Axes
  1481 | D:2      | Gained mutation: A weak demonic guardian rushes to your
                  | aid. [demonic ancestry]
  1481 | D:2      | Reached XP level 4. HP: 7/35 MP: 1/4
  1481 | D:2      | Gained mutation: You regenerate magic rapidly. [demonic
                  | ancestry]
  1481 | D:2      | Reached XP level 5. HP: 9/41 MP: 1/5
  1482 | D:2      | Quit the game

Illustrated notes

Levels and vault maps discovered:
D:1:      dpeg_arrival_signposts, layout_rooms, nemelex_altar_shiori
D:2:      layout_basic, serial_bayou_lagoon_a, grunt_ministairs_15,
          fedhas_altar_1

Skill      XL: |  1  2  3 |
---------------+----------+-----
Axes           | 3 5 |  5.3
Fighting       | |  3.0
Armour         | |  1.7
Dodging        | |  1.7

Action                   |  1- 3 |  4- 6 || total
-------------------------+-------+-------++-------
Melee: Hand axe          |   137 |       ||   137
Invok: Berserk           |     1 |       ||     1
Armor: Animal skin       |    14 |       ||    14
       Chain mail        |    62 |       ||    62
Dodge: Dodged            |    95 |       ||    95

Table legend: (Time is in decaauts)
 A = Elapsed time spent in this place.
 B = Non-inter-level travel time spent in this place.
 C = Inter-level travel time spent in this place.
 D = Time resting spent in this place.
 E = Time spent auto-exploring this place.
 F = Levels seen in this place.
 G = Mean time per level.
                   A        B        C        D        E       F      G
               +--------+--------+--------+--------+--------+-----+--------+
         Total |   1510 |   1488 |     22 |    100 |   1097 |   2 |  755.0 |
       Dungeon |   1510 |   1488 |     22 |    100 |   1097 |   2 |  755.0 |
               +--------+--------+--------+--------+--------+-----+--------+

Top non-repeatable levels by time:
     D:1: 1011 daAuts
     D:2: 499 daAuts
